APP
PULASKI YANKEES @ TEXAS (APP) RANGERS
09/07/2048
 
TOP OF THE 1ST
Pulaski Yankees batting - Pitching for Texas (APP) Rangers : RHP Reinaart Meyer
Pitching: RHP Reinaart Meyer
Batting: LHB Troy Jones 0-0: Swinging Strike
0-1: Swinging Strike
0-2: Foul Ball, location: 2F
0-2: Ball
1-2: Fly out, F7 (Flyball, 7D, EV 96.9 MPH)
Batting: LHB Justin Short 0-0: Foul Ball, location: 2F
0-1: Foul Ball, location: 2F
0-2: Ball
1-2: Ball
2-2: Strikes out looking
Batting: LHB Carlos Palau 0-0: Foul Ball, location: 2F
0-1: Called Strike
0-2: Ball
1-2: Hit by Pitch
Batting: RHB Yasuoka Tsuda 0-0: Called Strike
0-1: Called Strike
0-2: Strikes out looking
Top of the 1st over - 0 runs, 0 hits, 0 errors, 1 left on base; Pulaski 0 - Texas (APP) 0
BOTTOM OF THE 1ST
Texas (APP) Rangers batting - Pitching for Pulaski Yankees : RHP Alex Roman
Pitching: RHP Alex Roman
Batting: SHB Tim Rogers 0-0: Swinging Strike
0-1: Ball
1-1: Ball
2-1: Foul Ball, location: 2F
2-2: Strikes out swinging
Batting: RHB Ron Squires 0-0: Ball
1-0: Swinging Strike
1-1: Ball
2-1: Swinging Strike
2-2: TRIPLE (Line Drive, 7D, EV 107.5 MPH)
Batting: RHB Jerry Foster 0-0: Fly out, F8 (Flyball, 8LD, EV 103.1 MPH)
Runner from 3rd tags up, SCORES, throw by CF
Batting: LHB Santino Pisanello 0-0: Ball
1-0: Ground out 6-3 (Groundball, 6M, EV 86.2 MPH)
Bottom of the 1st over - 1 run, 1 hit, 0 errors, 0 left on base; Pulaski 0 - Texas (APP) 1
TOP OF THE 2ND
Pulaski Yankees batting - Pitching for Texas (APP) Rangers : RHP Reinaart Meyer
Batting: LHB Chris Viehman 0-0: Fly out, F9 (Flyball, 89M, EV 85.0 MPH)
Batting: SHB Dylan Best 0-0: Ball
1-0: Called Strike
1-1: Foul Ball, location: 2F
1-2: Ball
2-2: Ball
3-2: Strikes out swinging
Batting: RHB Victor Garcia 0-0: Called Strike
0-1: Ball
1-1: Ball
2-1: Swinging Strike
2-2: Foul Ball, location: 2F
2-2: Ball
3-2: Foul Ball, location: 2F
3-2: Strikes out looking
Top of the 2nd over - 0 runs, 0 hits, 0 errors, 0 left on base; Pulaski 0 - Texas (APP) 1
BOTTOM OF THE 2ND
Texas (APP) Rangers batting - Pitching for Pulaski Yankees : RHP Alex Roman
Batting: RHB Elias Sagrero 0-0: Called Strike
0-1: Called Strike
0-2: Strikes out swinging
Batting: RHB Luis Solorzano 0-0: Ball
1-0: Foul Ball, location: 2F
1-1: SINGLE (Line Drive, 89S, EV 88.8 MPH)
Batting: SHB Albert Ortiz 0-0: Called Strike
0-1: Ball
1-1: Foul Ball, location: 2F
1-2: Ball
2-2: Ball
3-2: Foul Ball, location: 2F
3-2: DOUBLE (Groundball, 3D, EV 101.9 MPH)
Luis Solorzano to third
Luis Solorzano scores
Batting: LHB Eddie Reyes 0-0: Ball
1-0: Ball
2-0: Ball
3-0: Called Strike
3-1: Called Strike
3-2: Fly out, F5 (Popup, 56S, EV 86.9 MPH)
Batting: RHB Torsten Fisher 0-0: Ball
1-0: Ball
2-0: Called Strike
2-1: Ball
3-1: Ground out 5-3 (Groundball, 56, EV 84.4 MPH)
Bottom of the 2nd over - 1 run, 2 hits, 0 errors, 1 left on base; Pulaski 0 - Texas (APP) 2
TOP OF THE 3RD
Pulaski Yankees batting - Pitching for Texas (APP) Rangers : RHP Reinaart Meyer
Batting: RHB Edwin Sierra 0-0: Fly out, F6 (Line Drive, 6, EV 71.2 MPH)
Batting: RHB Mustafa bin Gamali 0-0: Called Strike
0-1: Ball
1-1: Swinging Strike
1-2: Foul Ball, location: 2F
1-2: Ball
2-2: Strikes out looking
Batting: LHB Troy Jones 0-0: Foul Ball, location: 2F
0-1: Ball
1-1: Fly out, F2 (Popup, 5SF, EV 86.9 MPH)
Top of the 3rd over - 0 runs, 0 hits, 0 errors, 0 left on base; Pulaski 0 - Texas (APP) 2
BOTTOM OF THE 3RD
Texas (APP) Rangers batting - Pitching for Pulaski Yankees : RHP Alex Roman
Batting: SHB Tim Rogers 0-0: Called Strike
0-1: Ground out 4-3 (Groundball, 4M, EV 88.8 MPH)
Batting: RHB Ron Squires 0-0: Ball
1-0: Foul Ball, location: 2F
1-1: Swinging Strike
1-2: Fly out, F9 (Flyball, 89M, EV 88.1 MPH)
Batting: RHB Jerry Foster 0-0: Ball
1-0: Ground out 1-3 (Groundball, 15S, EV 72.5 MPH)
Bottom of the 3rd over - 0 runs, 0 hits, 0 errors, 0 left on base; Pulaski 0 - Texas (APP) 2
TOP OF THE 4TH
Pulaski Yankees batting - Pitching for Texas (APP) Rangers : RHP Reinaart Meyer
Batting: LHB Justin Short 0-0: Ball
1-0: Foul Ball, location: 2F
1-1: Ball
2-1: Ball
3-1: Base on Balls
Batting: LHB Carlos Palau 0-0: Fly out, F7 (Flyball, 7, EV 78.8 MPH)
Batting: RHB Yasuoka Tsuda 0-0: Swinging Strike
0-1: Ball
1-1: Swinging Strike
1-2: Strikes out looking
Batting: LHB Chris Viehman 0-0: Ball
1-0: Called Strike
1-1: Ball
2-1: Ball
3-1: Called Strike
3-2: Strikes out swinging
Top of the 4th over - 0 runs, 0 hits, 0 errors, 1 left on base; Pulaski 0 - Texas (APP) 2
BOTTOM OF THE 4TH
Texas (APP) Rangers batting - Pitching for Pulaski Yankees : RHP Alex Roman
Batting: LHB Santino Pisanello 0-0: Ball
1-0: Ground out 1-3 (Groundball, 13S, EV 66.9 MPH)
Batting: RHB Elias Sagrero 0-0: Swinging Strike
0-1: Swinging Strike
0-2: Ball
1-2: Strikes out looking
Batting: RHB Luis Solorzano 0-0: Fly out, F8 (Line Drive, 89M, EV 103.1 MPH)
Bottom of the 4th over - 0 runs, 0 hits, 0 errors, 0 left on base; Pulaski 0 - Texas (APP) 2
TOP OF THE 5TH
Pulaski Yankees batting - Pitching for Texas (APP) Rangers : RHP Reinaart Meyer
Batting: SHB Dylan Best 0-0: SINGLE (Flyball, 8RS, EV 95.6 MPH)
Batting: RHB Victor Garcia 0-0: Reached on error, E8 (Line Drive, 8LD, EV 86.9 MPH)
Dylan Best to third
Batting: RHB Edwin Sierra 0-0: Called Strike
0-1: Ball
1-1: Ball
2-1: Ball
3-1: Called Strike
3-2: Fly out, F8 (Flyball, 8RD, EV 109.4 MPH)
Batting: RHB Mustafa bin Gamali 0-0: Called Strike
0-1: Swinging Strike
0-2: Strikes out swinging
Batting: LHB Troy Jones 0-0: Swinging Strike
0-1: Foul Ball, location: 2F
0-2: Ball
1-2: SINGLE (Line Drive, 7S, EV 111.2 MPH)
Dylan Best scores
Victor Garcia to third
Batting: LHB Justin Short 0-0: Ball
1-0: Foul Ball, location: 2F
1-1: Swinging Strike
1-2: Foul Ball, location: 2F
1-2: Ball
2-2: Strikes out swinging
Top of the 5th over - 1 run, 2 hits, 1 error, 2 left on base; Pulaski 1 - Texas (APP) 2
BOTTOM OF THE 5TH
Texas (APP) Rangers batting - Pitching for Pulaski Yankees : RHP Alex Roman
Batting: SHB Albert Ortiz 0-0: Ball
1-0: Called Strike
1-1: Foul Ball, location: 2F
1-2: Ball
2-2: Ball
3-2: Single, Error in OF, E8, batter to second base (Groundball, 4D, EV 108.8 MPH)
Batting: LHB Eddie Reyes 0-0: Hit by Pitch
Batting: RHB Torsten Fisher 0-0: Called Strike
0-1: Ball
1-1: Ball
2-1: Called Strike
2-2: Ball
3-2: Foul Ball, location: 2F
3-2: Foul Ball, location: 2F
3-2: Foul Ball, location: 2F
3-2: Ground out 6-3 (Groundball, 6MS, EV 70.6 MPH)
Albert Ortiz to third
Eddie Reyes to second
Batting: SHB Tim Rogers 0-0: Ball
1-0: Fly out, F8 (Line Drive, 8RS, EV 89.4 MPH)
Batting: RHB Ron Squires 0-0: Ball
1-0: Ball
2-0: Foul Ball, location: 2F
2-1: 3-RUN HOME RUN (Line Drive, 89XD, EV 99.4 MPH), Distance : 400 ft
Pitching: RHP Frank Medrano
Batting: RHB Jerry Foster 0-0: Swinging Strike
0-1: SINGLE (Groundball, 5D, EV 106.9 MPH)
Batting: LHB Santino Pisanello 0-0: Called Strike
0-1: Fly out, F6 (Line Drive, 4MD, EV 63.8 MPH)
Bottom of the 5th over - 3 runs, 3 hits, 1 error, 1 left on base; Pulaski 1 - Texas (APP) 5
TOP OF THE 6TH
Pulaski Yankees batting - Pitching for Texas (APP) Rangers : RHP Reinaart Meyer
Batting: LHB Carlos Palau 0-0: Ball
1-0: Foul Ball, location: 2F
1-1: Foul Ball, location: 2F
1-2: Strikes out swinging
Batting: RHB Yasuoka Tsuda 0-0: Ball
1-0: Ball
2-0: Ball
3-0: Called Strike
3-1: Base on Balls
Batting: LHB Chris Viehman 0-0: Foul Ball, location: 2F
0-1: Hit by Pitch
Yasuoka Tsuda to second
Batting: SHB Dylan Best 0-0: Called Strike
0-1: Ball
1-1: Ball
2-1: Foul Ball, location: 2F
2-2: Ball
3-2: Strikes out swinging
Batting: RHB Victor Garcia 0-0: Called Strike
0-1: Ball
1-1: Swinging Strike
1-2: Strikes out swinging
Top of the 6th over - 0 runs, 0 hits, 0 errors, 2 left on base; Pulaski 1 - Texas (APP) 5
BOTTOM OF THE 6TH
Texas (APP) Rangers batting - Pitching for Pulaski Yankees : RHP Frank Medrano
Batting: RHB Elias Sagrero 0-0: Called Strike
0-1: Ball
1-1: Called Strike
1-2: Foul Ball, location: 2F
1-2: Foul Ball, location: 2F
1-2: Ball
2-2: Strikes out looking
Batting: RHB Luis Solorzano 0-0: Ball
1-0: Called Strike
1-1: Called Strike
1-2: Ball
2-2: SOLO HOME RUN (Flyball, 7D, EV 103.1 MPH), Distance : 387 ft
Batting: SHB Albert Ortiz 0-0: Ball
1-0: Ball
2-0: Foul Ball, location: 2F
2-1: Fly out, F9 (Flyball, 89M, EV 89.4 MPH)
Batting: LHB Eddie Reyes 0-0: Called Strike
0-1: Ball
1-1: Ball
2-1: Ball
3-1: Fly out, F4 (Popup, 34D, EV 53.8 MPH)
Bottom of the 6th over - 1 run, 1 hit, 0 errors, 0 left on base; Pulaski 1 - Texas (APP) 6
TOP OF THE 7TH
Pulaski Yankees batting - Pitching for Texas (APP) Rangers : RHP Reinaart Meyer
Batting: RHB Edwin Sierra 0-0: Swinging Strike
0-1: Foul Ball, location: 2F
0-2: Ball
1-2: Ground out 6-3 (Groundball, 6, EV 82.5 MPH)
Batting: RHB Mustafa bin Gamali 0-0: Swinging Strike
0-1: Ball
1-1: Called Strike
1-2: Strikes out swinging
Batting: LHB Troy Jones 0-0: Ball
1-0: Ball
2-0: Ball
3-0: Base on Balls
Pitching: RHP Brent Demby
Batting: LHB Justin Short 0-0: Ball
1-0: Called Strike
1-1: Ball
2-1: Ball
3-1: Foul Ball, location: 2F
3-2: Reached on error, E4 (Groundball, 34, EV 91.2 MPH)
Troy Jones to second
Batting: LHB Carlos Palau 0-0: Foul Ball, location: 2F
0-1: Ball
1-1: Ball
2-1: Swinging Strike
2-2: Strikes out swinging
Top of the 7th over - 0 runs, 0 hits, 1 error, 2 left on base; Pulaski 1 - Texas (APP) 6
BOTTOM OF THE 7TH
Texas (APP) Rangers batting - Pitching for Pulaski Yankees : RHP Frank Medrano
Batting: RHB Torsten Fisher 0-0: Ball
1-0: Ball
2-0: Called Strike
2-1: Ball
3-1: Base on Balls
Batting: SHB Tim Rogers 0-0: Called Strike
0-1: Grounds into double play, 6-4-3 (Groundball, 6S, EV 88.1 MPH)
Batting: RHB Ron Squires 0-0: Fly out, F8 (Line Drive, 78M, EV 91.9 MPH)
Bottom of the 7th over - 0 runs, 0 hits, 0 errors, 0 left on base; Pulaski 1 - Texas (APP) 6
TOP OF THE 8TH
Pulaski Yankees batting - Pitching for Texas (APP) Rangers : RHP Brent Demby
Batting: RHB Yasuoka Tsuda 0-0: Fly out, F7 (Line Drive, 7D, EV 91.2 MPH)
Batting: LHB Chris Viehman 0-0: Ball
1-0: Ball
2-0: Swinging Strike
2-1: Ball
3-1: Base on Balls
Batting: SHB Dylan Best 0-0: Fly out, F7 (Flyball, 78S, EV 80.6 MPH)
Pinch Hitting: RHB Michael Patterson 0-0: Ball
Passed Ball!
Chris Viehman to second
1-0: Ground out 6-3 (Groundball, 6, EV 78.8 MPH)
Top of the 8th over - 0 runs, 0 hits, 0 errors, 1 left on base; Pulaski 1 - Texas (APP) 6
BOTTOM OF THE 8TH
Texas (APP) Rangers batting - Pitching for Pulaski Yankees : RHP Frank Medrano
Now at SS: Michael Patterson
Batting: RHB Jerry Foster 0-0: Ball
1-0: SINGLE (Groundball, 56S, EV 68.1 MPH) (infield hit)
Batting: LHB Santino Pisanello 0-0: Called Strike
0-1: Foul Ball, location: 2F
0-2: Ball
1-2: Ball
Jerry Foster steals 2nd base
2-2: Foul Ball, location: 2F
2-2: Foul Ball, location: 2F
2-2: Foul Ball, location: 2F
2-2: Foul Ball, location: 2F
2-2: SINGLE (Groundball, 4M, EV 113.1 MPH) (infield hit)
Jerry Foster to third
Pitching: RHP Matt Elliott
Batting: RHB Elias Sagrero 0-0: Foul Ball, location: 2F
0-1: Foul Ball, location: 2F
0-2: Ball
1-2: Ball
2-2: Fly out, F5 (Popup, 5F, EV 70.0 MPH)
Batting: RHB Luis Solorzano 0-0: Called Strike
0-1: Swinging Strike
0-2: Ball
1-2: Fly out, F8 (Line Drive, 8RM, EV 96.9 MPH)
Batting: SHB Albert Ortiz 0-0: Ball
1-0: Foul Ball, location: 2F
1-1: Foul Ball, location: 2F
1-2: Fly out, F7 (Flyball, 7LD, EV 91.2 MPH)
Bottom of the 8th over - 0 runs, 2 hits, 0 errors, 2 left on base; Pulaski 1 - Texas (APP) 6
TOP OF THE 9TH
Pulaski Yankees batting - Pitching for Texas (APP) Rangers : RHP Brent Demby
Pinch Hitting: RHB Ken Stair 0-0: Called Strike
0-1: Swinging Strike
0-2: Ball
1-2: Strikes out swinging, 2-3 out at first.
Pinch Hitting: RHB Tchaa Kombate 0-0: Foul Ball, location: 2F
0-1: Ball
1-1: Ball
2-1: Ball
3-1: Base on Balls
Pitching: RHP Dan Rohrbach
Batting: LHB Troy Jones 0-0: Called Strike
0-1: Swinging Strike
0-2: Strikes out swinging
Batting: LHB Justin Short 0-0: Foul Ball, location: 2F
0-1: Ball
1-1: Fielders Choice at 2nd, 6-4 (Groundball, 6, EV 82.5 MPH)
Top of the 9th over - 0 runs, 0 hits, 0 errors, 1 left on base; Pulaski 1 - Texas (APP) 6
Tuesday, March 28th , 2023 - OOTP Baseball 23.10 Build 110